 Dungeon Sprint DCSS version 0.22-a0-69-g116c2a8 (webtiles) character file.

24 Kidiri the Skirmisher (level 2, 0/42 HPs)
             Began as a Minotaur Fighter on Jan 11, 2018.
             Drowned by a water elemental (5 damage)
             ... in the Dungeon (Sprint III: "The Ten Rune Challenge").
             The game lasted 00:01:57 (353 turns).

Kidiri the Skirmisher (Minotaur Fighter)             Turns: 353, Time: 00:01:58

Health: 0/42       AC:  6    Str: 25    XL:     2   Next: 79%
Magic:  1/1        EV:  8    Int:  7    God:
Gold:   34         SH: 10    Dex:  9    Spells: 1/1 levels left

rFire    . . .     SeeInvis .   a - +0 long sword
rCold    . . .     Gourm    .   c - +0 shield
rNeg     . . .     Faith    .   b - +0 scale mail
rPois    .         Spirit   .   (helmet restricted)
rElec    .         Reflect  .   (no cloak)
rCorr    .         Harm     .   (no gloves)
MR       .....     NoTele   +   (no boots)
Stlth    ..........             (no amulet)
HPRegen  0.14/turn              (no ring)
MPRegen  0.07/turn              (no ring)

@: berserking (expiring), engulfed (cannot breathe), very quick
A: retaliatory headbutt, horns 2, iridescent scales 1, clever 1, deformed body,
evolution 1
a: no special abilities


You were in the Dungeon.
You were not hungry.

You visited 1 branch You collected 34 gold pieces.

Inventory:

Hand Weapons
 a - a +0 long sword (weapon)
Armour
 b - a +0 scale mail (worn)
 c - a +0 shield (worn)
Scrolls
 e - a scroll of immolation {unknown}
 k - a scroll of blinking
 m - a scroll of holy word {unknown}
 n - 3 scrolls of remove curse
 o - 2 scrolls of identify {unknown}
Potions
 d - a potion of might
 g - a potion of heal wounds
 h - a potion of haste
 i - 2 potions of magic
 p - 3 potions of flight
 q - 2 potions of mutation
Comestibles
 f - 3 rations


   Skills:
 * Level 4.7 Fighting
 * Level 3.9 Long Blades
 + Level 1.4 Throwing
 * Level 4.7 Armour
 + Level 1.5 Dodging
 * Level 4.7 Shields


You had one spell level left.
You didn't know any spells.

Dungeon Overview and Level Annotations

Branches:
Dungeon (1/1)

Altars:


Innate Abilities, Weirdness & Mutations

You reflexively headbutt those who attack you in melee.
You have a pair of horns on your head.
You are partially covered in iridescent scales. (AC +2)
Your mind is acute. (Int +2)
Armour fits poorly on your strangely shaped body.
You evolve.


Message History

You gasp with relief as air once again reaches your lungs.
You hit the water elemental.
The water elemental is lightly damaged.
You barely miss the water elemental.
The water elemental is lightly damaged.
The water elemental hits you!
* * * LOW HITPOINT WARNING * * *
You hit the water elemental but do no damage.
Your headbutt misses the water elemental.
The water elemental is lightly damaged.
You block the water elemental's attack.
Unknown command.
You hit the water elemental.
The water elemental is moderately damaged.
The water elemental hits you.
* * * LOW HITPOINT WARNING * * *
The water elemental engulfs you in water!
Your shield and scale mail prevent you from hitting the water elemental.
The water elemental is moderately damaged.
You die...

▓▓▓▓▓▓▓▓▓▓▓ ▓▓▓
▓<.#..+...♣♣♣♣ ♣.#
▓..#..#......♣ ♣♣.#
▓#'####....♣♣♣ ♣..#
▓.....#....≈.♣♣♣♣.###+#+##
▓.....#...≈≈♣.....#.......
▓.....#..≈≈≈≈..♣♣.'.⌠.....
▓####'#..≈≈≈≈≈≈.@E#...####
▓...÷÷#.≈≈≈≈≈≈....#.⌠.#
▓.....#.≈≈≈≈≈.....#...#
▓.....#.≈≈≈.......#+###
▓'#####...........#
▓.................#
▓▓▓▓▓▓▓▓▓▓▓▓▓▓▓▓▓▓▓


You could see a water elemental.

Vanquished Creatures
  A human (D)
  A phantom (D)
  4 rats (D)
6 creatures vanquished.

Vanquished Creatures (others)
  2 draconian scorchers (D)
  6 hellions (D)
  A yaktaur (D)
  7 plants (D)
16 creatures vanquished.

Grand Total: 22 creatures vanquished

Notes
Turn   | Place    | Note
-------+----------+-------------------------------------------
     0 | D        | Kidiri the Minotaur Fighter began the quest for the Orb.
     0 | D        | Reached XP level 1. HP: 19/19 MP: 0/0
    66 | D        | Gained mutation: You are robust. (+10% HP) [potion of mutation]
    66 | D        | Gained mutation: You are dopey. (Int -2) [potion of mutation]
    66 | D        | Lost mutation: You are dopey. (Int -2) [potion of mutation]
    66 | D        | Gained mutation: You have a pair of large horns on your head. [potion of mutation]
    80 | D        | Reached skill level 1 in Throwing
    80 | D        | Reached skill level 1 in Dodging
    80 | D        | Reached XP level 2. HP: 6/30 MP: 1/1
    88 | D        | Lost mutation: You have a pair of large horns on your head. [potion of mutation]
    88 | D        | Lost mutation: You are robust. (+10% HP) [potion of mutation]
    88 | D        | Gained mutation: Your magical capacity is low. (-10% MP) [potion of mutation]
    88 | D        | Gained mutation: You have large cloven feet. [potion of mutation]
    88 | D        | Gained mutation: Your magical capacity is very low. (-20% MP) [potion of mutation]
    88 | D        | Gained mutation: You possess an exceptional clarity of mind. [potion of mutation]
    89 | D        | Lost mutation: You have large cloven feet. [potion of mutation]
    89 | D        | Lost mutation: You possess an exceptional clarity of mind. [potion of mutation]
    89 | D        | Gained mutation: Your natural rate of healing is unusually fast. [potion of mutation]
    89 | D        | Lost mutation: Your natural rate of healing is unusually fast. [potion of mutation]
    89 | D        | Gained mutation: You are resistant to hostile enchantments. (MR+) [potion of mutation]
    90 | D        | Lost mutation: Your magical capacity is very low. (-20% MP) [potion of mutation]
    90 | D        | Lost mutation: Your magical capacity is low. (-10% MP) [potion of mutation]
    90 | D        | Lost mutation: You are resistant to hostile enchantments. (MR+) [potion of mutation]
    90 | D        | Gained mutation: Your mind is acute. (Int +2) [potion of mutation]
    90 | D        | Gained mutation: You are partially covered in iridescent scales. (AC +2) [potion of mutation]
    90 | D        | Gained mutation: Armour fits poorly on your strangely shaped body. [potion of mutation]
    90 | D        | Gained mutation: You evolve. [potion of mutation]
   102 | D        | Killed a hellion
   102 | D        | Killed a hellion
   102 | D        | Killed a hellion
   108 | D        | Killed a hellion
   108 | D        | Killed a hellion
   133 | D        | Killed a hellion
   139 | D        | Killed a yaktaur
   216 | D        | Killed a white draconian scorcher
   229 | D        | Killed a white draconian scorcher
   344 | D        | Noticed a water elemental
   353 | D        | Drowned by a water elemental

Vault maps used:
D:        dungeon_sprint_mu

Skill      XL: |  1 |
---------------+----+-----
Fighting       | 4 |  4.7
Long Blades    | 3 |  3.9
Armour         | 4 |  4.7
Shields        | 4 |  4.7
Throwing       | 1 |  1.4
Dodging        | 1 |  1.5

Action                   || total
-------------------------++-------
Melee: Long sword        ||    30
       Headbutt          ||     3
  Use: Potion            ||     6
Armor: Scale mail        ||     9
Dodge: Dodged            ||     7
Block: Shield            ||     9
       Rpst.: Long sword ||     2

Table legend:
 A = Spawn XP
 B = Non-spawn XP
 C = Spawn XP percentage of total XP
 D = Spawn monster count
 E = Non-spawn monster count
 F = Spawn count percentage of total count
 G = Total turns spent on level
                    A         B        C        D         E        F      G
               +---------+---------+-------+---------+---------+-------+---------
         Total |       0 |      35 |   0.0 |       0 |       6 |   0.0 |   353
               +---------+---------+-------+---------+---------+-------+---------
             D |       0 |      35 |   0.0 |       0 |       6 |   0.0 |   353
               +---------+---------+-------+---------+---------+-------+---------
